 Dungeon Crawl Stone Soup version 0.13-a0-3008-g2a6619c (webtiles) character file.

312 Duskembrace the Cudgeler (level 4, -10/42 HPs)
             Began as an Ogre Warper on Sept 9, 2013.
             Mangled by a gnoll
             ... wielding a +1,+3 spear
              (14 damage)
             ... on Level 2 of the Dungeon.
             The game lasted 00:10:00 (2199 turns).

Duskembrace the Cudgeler (Ogre Warper)              Turns: 2199, Time: 00:10:00

HP -10/42        AC  3     Str 16      XL: 4   Next: 54%
MP   0/6         EV 10     Int 12      God:
Gold 224         SH  0     Dex 10      Spells:  4 memorised,  0 levels left

Res.Fire  : . . .   See Invis. : .   a - +0 mace
Res.Cold  : . . .   Warding    : .   b - +0 robe
Life Prot.: . . .   Conserve   : .   (shield restricted)
Res.Poison: .       Res.Corr.  : .   (helmet restricted)
Res.Elec. : .       Clarity    : .   (no cloak)
Sust.Abil.: . .     Spirit.Shd : .   (gloves unavailable)
Res.Mut.  : .       Stasis     : .   (boots unavailable)
Res.Rott. : .       Flight     : .   (no amulet)
Saprovore : + . .                    (no ring)
                                     n - ring of sustenance

@: very slightly contaminated, slightly resistant to hostile enchantments,
unstealthy
A: unfitting armour, fast metabolism 1, saprovore 1, tough skin 1
a: no special abilities


You were on level 2 of the Dungeon.
You were not hungry.

You visited 1 branch of the dungeon, and saw 2 of its levels.

You collected 174 gold pieces.

Inventory:

Hand weapons
 a - a +0,+0 mace (weapon)
 l - a +0,+0 mace
Missiles
 e - 31 darts (quivered)
 f - 10 darts of dispersal
Armour
 b - a +0 robe (worn)
 s - a +2 pair of gauntlets
Comestibles
 g - 2 meat rations
 m - 2 apples
 q - a chunk of bat flesh
 r - a chunk of bat flesh
Scrolls
 d - 2 scrolls of blinking
 h - 3 scrolls of identify {unknown}
 i - a scroll of curse weapon {unknown}
 j - a scroll of fear {unknown}
 o - a scroll of magic mapping {unknown}
 p - a scroll of teleportation {unknown}
 v - a scroll of enchant weapon I {unknown}
 y - a scroll of enchant weapon II {unknown}
Jewellery
 n - a ring of sustenance (left hand)
Potions
 k - a potion of degeneration {unknown}
 x - a potion of slowing {unknown}
Books
 c - a book of Spatial Translocations

   Spells                             Type                      Level
   *Apportation                       Translocation                1
   Portal Projectile                  Translocation                2
   *Blink                             Translocation                2
   *Shroud of Golubria                Charms/Translocation         2
   *Teleport Other                    Translocation                3
   Passage of Golubria                Translocation                4


   Skills:
 + Level 3.1 Fighting
 + Level 3.5 Maces & Flails
 + Level 1.3 Throwing
 + Level 3.4 Dodging
 + Level 0.3 Stealth
 + Level 2.5 Spellcasting
 + Level 2.3 Translocations


You couldn't memorise any spells.
You knew the following spells:

 Your Spells              Type           Power        Failure   Level  Hunger
a - Apportation           Tloc           #.........   12%         1    #......
b - Shroud of Golubria    Chrm/Tloc      #.........   28%         2    ###....
c - Blink                 Tloc           N/A          14%         2    ###....
d - Teleport Other        Tloc           #.......     30%         3    ####...


Dungeon Overview and Level Annotations

Branches:
Dungeon (2/27)

Altars:


Innate Abilities, Weirdness & Mutations

You are too large for most types of armour.
You have a fast metabolism.
You can tolerate rotten meat.
You have tough skin (AC +1).


Message History

The gnoll hits you with a flail!
Casting: Shroud of Golubria
Confirm with . or Enter, or press ? or * to list all spells.
You miscast Shroud of Golubria.
Nothing appears to happen.
The gnoll hits you from afar with a spear.
The gnoll hits you with a flail.
Casting: Shroud of Golubria
Confirm with . or Enter, or press ? or * to list all spells.
Space distorts slightly along a thin shroud covering your body.
The gnoll hits you but does no damage.
You closely miss the gnoll. The gnoll hits you with a flail.
The gnoll barely misses you.
You closely miss the gnoll. The gnoll barely misses you.
The gnoll hits you from afar with a spear!
* * * LOW HITPOINT WARNING * * *
Your shroud falls apart!
You hit the gnoll but do no damage. The gnoll hits you with a flail.
* * * LOW HITPOINT WARNING * * *
The gnoll hits you from afar with a spear!
You die...

......))(######...<.#
# .......### #.....#
# .......# ####+##
.......# .. ##+#####
##. #g. ##### #g#
#.... ##g#### #....
#.@...# #.... #.....#
#####....
#.....#####...'....
#.....##....###....
#.....#..#### ####%
#....%'.## #..
#.....### #.# ###'###
#.# ###+#### #.# #.#


You could see 3 gnolls.

Vanquished Creatures
  5 adders (D:2)
  A giant gecko (D:2)
  2 ball pythons (D:1)
  4 bats
  A bat zombie (D:1)
  4 giant cockroaches
  2 goblins (D:2)
  6 hobgoblins
  2 giant newts
  5 kobolds (D:2)
  8 rats
  A rat zombie (D:1)
41 creatures vanquished.

Notes
Turn   | Place    | Note
--------------------------------------------------------------
     0 | D:1      | Duskembrace, the Ogre Warper, began the quest for the Orb.
     0 | D:1      | Reached XP level 1. HP: 19/19 MP: 1/1
   210 | D:1      | Reached XP level 2. HP: 12/27 MP: 3/3
   321 | D:1      | Learned a level 2 spell: Shroud of Golubria
   324 | D:1      | Learned a level 2 spell: Blink
   966 | D:1      | Reached skill level 3 in Maces & Flails
  1347 | D:2      | Reached XP level 3. HP: 28/35 MP: 4/4
  1751 | D:2      | Reached XP level 4. HP: 28/42 MP: 4/6
  1990 | D:2      | Learned a level 3 spell: Teleport Other
  2199 | D:2      | Mangled by a gnoll

Action                   |  1- 3 |  4- 6 || total
-------------------------+-------+-------++-------
Melee: Mace              |   126 |    49 ||   175
 Cast: Shroud of Golubri |     3 |     3 ||     6
